| TOP OF THE 1ST |
|
Lakeland Pilots batting - Pitching for Fort Myers Palms : RHP Scott Roberts
|
|
Pitching: RHP Scott Roberts
|
|
|
Batting: RHB Eric Clark
|
0-0: Foul Ball, location: 2F 0-1: Foul Ball, location: 2F 0-2: Ball 1-2: Foul Ball, location: 2F 1-2: Ball 2-2: Foul Ball, location: 2F 2-2: Ball 3-2: Foul Ball, location: 2F 3-2: Fly out, F3 (Popup, 3SF, EV 69.4 MPH)
|
|
Batting: LHB Timothy Collins
|
0-0: Ball 1-0: Foul Ball, location: 2F 1-1: Foul Ball, location: 2F 1-2: Ball 2-2: Ball 3-2: Foul Ball, location: 2F 3-2: Fly out, F8 (Line Drive, 8RM, EV 93.1 MPH)
|
|
Batting: SHB John Moses
|
0-0: Ball 1-0: Ball 2-0: Ball 3-0: Base on Balls
|
|
Batting: RHB Jerry Lomastro
|
0-0: Ball 1-0: Swinging Strike 1-1: Ball 2-1: DOUBLE (Line Drive, 89XD, EV 108.1 MPH) John Moses to third Runner from 3rd tries for Home, SAFE, throw by RF to trailing runner, OUT at third! 9-4-5
|
| Top of the 1st over - 1 run, 1 hit, 0 errors, 0 left on base; Lakeland 1 - Fort Myers 0 |
| BOTTOM OF THE 1ST |
|
Fort Myers Palms batting - Pitching for Lakeland Pilots : RHP Larry Buckle
|
|
Pitching: RHP Larry Buckle
|
|
|
Batting: LHB Gus Burgess
|
0-0: Fly out, F7 (Flyball, 7LS, EV 83.8 MPH)
|
|
Batting: LHB Ozzie Guillen
|
0-0: Ball 1-0: Foul Ball, location: 2F 1-1: SINGLE (Line Drive, 78M, EV 105.0 MPH)
|
|
Batting: SHB Stan Javier
|
0-0: Ball 1-0: Swinging Strike 1-1: Fly out, F8 (Flyball, 78XD, EV 88.8 MPH)
|
|
Batting: LHB Tony Ramirez
|
0-0: Ball 1-0: Ball 2-0: Called Strike 2-1: Called Strike 2-2: Ball 3-2: Foul Ball, location: 2F 3-2: Base on Balls Ozzie Guillen to second
|
|
Batting: LHB Jessie Reid
|
0-0: Fly out, F8 (Flyball, 8RS, EV 88.1 MPH)
|
| Bottom of the 1st over - 0 runs, 1 hit, 0 errors, 2 left on base; Lakeland 1 - Fort Myers 0 |
| TOP OF THE 2ND |
|
Lakeland Pilots batting - Pitching for Fort Myers Palms : RHP Scott Roberts
|
|
Batting: RHB Dennis Delany
|
0-0: Ball 1-0: Called Strike 1-1: Fly out, F3 (Line Drive, 3, EV 68.1 MPH)
|
|
Batting: SHB Rafael Villaman
|
0-0: Foul Ball, location: 2F 0-1: Ground out 6-3 (Groundball, 6, EV 81.9 MPH)
|
|
Batting: RHB Jim McArdle
|
0-0: Ball 1-0: Swinging Strike 1-1: SINGLE (Groundball, 6MD, EV 94.4 MPH)
|
|
Batting: RHB Michael Kopsky
|
0-0: Ball 1-0: Ball 2-0: Fly out, F9 (Line Drive, 9, EV 104.4 MPH)
|
| Top of the 2nd over - 0 runs, 1 hit, 0 errors, 1 left on base; Lakeland 1 - Fort Myers 0 |
| BOTTOM OF THE 2ND |
|
Fort Myers Palms batting - Pitching for Lakeland Pilots : RHP Larry Buckle
|
|
Batting: SHB Curt Wilkerson
|
0-0: Called Strike 0-1: Fly out, F7 (Flyball, 78D, EV 101.9 MPH)
|
|
Batting: RHB Gary Holden
|
0-0: Called Strike 0-1: Ball 1-1: Ball 2-1: Fly out, F7 (Flyball, 78S, EV 83.1 MPH)
|
|
Batting: LHB Robert Williamson
|
0-0: Ball 1-0: Ball 2-0: Ball 3-0: Called Strike 3-1: Base on Balls
|
|
Batting: RHB Craig Hendrickson
|
0-0: SINGLE (Groundball, 6D, EV 98.1 MPH) Robert Williamson to second
|
|
Batting: LHB Gus Burgess
|
0-0: Ball 1-0: Ball 2-0: Called Strike 2-1: Foul Ball, location: 2F 2-2: SINGLE (Groundball, 56D, EV 105.0 MPH) Robert Williamson to third Craig Hendrickson to second Runner from 3rd tries for Home, SAFE, throw by LF to home Craig Hendrickson to third Gus Burgess to second
|
|
Batting: LHB Ozzie Guillen
|
0-0: Foul Ball, location: 2F 0-1: Foul Ball, location: 2F 0-2: Ball 1-2: SINGLE (Groundball, 25, EV 75.6 MPH) (infield hit) Craig Hendrickson scores Gus Burgess to third
|
|
Batting: SHB Stan Javier
|
0-0: Ball Ozzie Guillen is caught stealing 2nd base 2-6
|
| Bottom of the 2nd over - 2 runs, 3 hits, 0 errors, 1 left on base; Lakeland 1 - Fort Myers 2 |
| TOP OF THE 3RD |
|
Lakeland Pilots batting - Pitching for Fort Myers Palms : RHP Scott Roberts
|
|
Batting: RHB John Raeside
|
0-0: Ball 1-0: Ground out 6-3 (Groundball, 56, EV 102.5 MPH)
|
|
Batting: RHB Eric Clark
|
0-0: Called Strike 0-1: Ball 1-1: Swinging Strike 1-2: Strikes out swinging
|
|
Batting: LHB Timothy Collins
|
0-0: Ball 1-0: Called Strike 1-1: Swinging Strike 1-2: Ball 2-2: Foul Ball, location: 2F 2-2: Foul Ball, location: 2F 2-2: Ball 3-2: Ground out U3 (Groundball, 3, EV 86.3 MPH)
|
| Top of the 3rd over - 0 runs, 0 hits, 0 errors, 0 left on base; Lakeland 1 - Fort Myers 2 |
| BOTTOM OF THE 3RD |
|
Fort Myers Palms batting - Pitching for Lakeland Pilots : RHP Larry Buckle
|
|
Batting: SHB Stan Javier
|
0-0: Foul Ball, location: 2F 0-1: Foul Ball, location: 2F 0-2: Foul Ball, location: 2F 0-2: Ball 1-2: Ball 2-2: Ball 3-2: Foul Ball, location: 2F 3-2: Strikes out swinging
|
|
Batting: LHB Tony Ramirez
|
0-0: Ball 1-0: Called Strike 1-1: Ball 2-1: DOUBLE (Line Drive, 78M, EV 93.8 MPH)
|
|
Batting: LHB Jessie Reid
|
0-0: SINGLE (Groundball, 13S, EV 68.8 MPH) (infield hit) Tony Ramirez to third
|
|
Batting: SHB Curt Wilkerson
|
0-0: Fielders Choice at 2nd, 6-4 (Groundball, 6, EV 90.6 MPH) Tony Ramirez scores
|
|
Batting: RHB Gary Holden
|
0-0: Called Strike 0-1: Called Strike 0-2: Ball 1-2: Ball 2-2: Ball 3-2: Reached on error, E2 (Groundball, 2L, EV 72.5 MPH) Curt Wilkerson to third
|
|
Batting: LHB Robert Williamson
|
0-0: Hit by Pitch
|
|
Batting: RHB Craig Hendrickson
|
0-0: Ball 1-0: Ball 2-0: Called Strike 2-1: Fly out, F7 (Flyball, 7S, EV 85.6 MPH)
|
| Bottom of the 3rd over - 1 run, 2 hits, 1 error, 3 left on base; Lakeland 1 - Fort Myers 3 |
| TOP OF THE 4TH |
|
Lakeland Pilots batting - Pitching for Fort Myers Palms : RHP Scott Roberts
|
|
Batting: SHB John Moses
|
0-0: Ball 1-0: Foul Ball, location: 2F 1-1: Ball 2-1: Ball 3-1: Called Strike 3-2: Strikes out swinging
|
|
Batting: RHB Jerry Lomastro
|
0-0: Ball 1-0: Ball 2-0: Ball 3-0: Base on Balls
|
|
Batting: RHB Dennis Delany
|
0-0: Foul Ball, location: 2F 0-1: Fly out, F3 (Popup, 3SF, EV 81.9 MPH)
|
|
Batting: SHB Rafael Villaman
|
0-0: Fly out, F7 (Flyball, 78S, EV 75.6 MPH)
|
| Top of the 4th over - 0 runs, 0 hits, 0 errors, 1 left on base; Lakeland 1 - Fort Myers 3 |
| BOTTOM OF THE 4TH |
|
Fort Myers Palms batting - Pitching for Lakeland Pilots : RHP Larry Buckle
|
|
Batting: LHB Gus Burgess
|
0-0: Ball 1-0: Ground out U3 (Groundball, 3, EV 81.9 MPH)
|
|
Batting: LHB Ozzie Guillen
|
0-0: Called Strike 0-1: Ball 1-1: Fly out, F6 (Flyball, 56D, EV 86.3 MPH)
|
|
Batting: SHB Stan Javier
|
0-0: Ball 1-0: Ball 2-0: Ball 3-0: Called Strike 3-1: Called Strike 3-2: SINGLE (Line Drive, 6D, EV 97.5 MPH)
|
|
Batting: LHB Tony Ramirez
|
0-0: Ball 1-0: Ball 2-0: Ball 3-0: Base on Balls Stan Javier to second
|
|
Batting: LHB Jessie Reid
|
0-0: Swinging Strike 0-1: Ball 1-1: Called Strike 1-2: Foul Ball, location: 2F 1-2: Ball 2-2: Ground out 4-3 (Groundball, 4S, EV 88.1 MPH)
|
| Bottom of the 4th over - 0 runs, 1 hit, 0 errors, 2 left on base; Lakeland 1 - Fort Myers 3 |
| TOP OF THE 5TH |
|
Lakeland Pilots batting - Pitching for Fort Myers Palms : RHP Scott Roberts
|
|
Batting: RHB Jim McArdle
|
0-0: SINGLE (Groundball, 6MD, EV 107.5 MPH)
|
|
Batting: RHB Michael Kopsky
|
0-0: Foul Ball, location: 2F 0-1: Bunt missed! 0-2: Ball 1-2: Ball 2-2: Ground out 6-3 (Groundball, 6D, EV 104.4 MPH) Jim McArdle to second
|
|
Batting: RHB John Raeside
|
0-0: Called Strike 0-1: Foul Ball, location: 2F 0-2: Strikes out swinging
|
|
Batting: RHB Eric Clark
|
0-0: Foul Ball, location: 2F 0-1: Fly out, F8 (Flyball, 8RM, EV 87.5 MPH)
|
| Top of the 5th over - 0 runs, 1 hit, 0 errors, 1 left on base; Lakeland 1 - Fort Myers 3 |
| BOTTOM OF THE 5TH |
|
Fort Myers Palms batting - Pitching for Lakeland Pilots : RHP Larry Buckle
|
|
Batting: SHB Curt Wilkerson
|
0-0: Ball 1-0: DOUBLE (Flyball, 8RXD, EV 111.3 MPH)
|
|
Batting: RHB Gary Holden
|
0-0: Foul Ball, location: 2F 0-1: Called Strike 0-2: Strikes out swinging
|
|
Batting: LHB Robert Williamson
|
0-0: Called Strike 0-1: Swinging Strike 0-2: Foul Ball, location: 2F 0-2: Ball 1-2: Ball 2-2: Foul Ball, location: 2F 2-2: Strikes out swinging
|
|
Batting: RHB Craig Hendrickson
|
0-0: Ball 1-0: Fly out, F6 (Line Drive, 6, EV 72.5 MPH)
|
| Bottom of the 5th over - 0 runs, 1 hit, 0 errors, 1 left on base; Lakeland 1 - Fort Myers 3 |
| TOP OF THE 6TH |
|
Lakeland Pilots batting - Pitching for Fort Myers Palms : RHP Scott Roberts
|
|
Batting: LHB Timothy Collins
|
0-0: Ball 1-0: Fly out, F7 (Line Drive, 7, EV 93.1 MPH)
|
|
Batting: SHB John Moses
|
0-0: Called Strike 0-1: Ball 1-1: SINGLE (Line Drive, 89M, EV 107.5 MPH)
|
|
Batting: RHB Jerry Lomastro
|
0-0: Ball 1-0: Foul Ball, location: 2F 1-1: Fly out, F8 (Flyball, 89D, EV 88.1 MPH)
|
|
Batting: RHB Dennis Delany
|
0-0: Fielders Choice at 2nd, 5-4 (Groundball, 5, EV 79.4 MPH)
|
| Top of the 6th over - 0 runs, 1 hit, 0 errors, 1 left on base; Lakeland 1 - Fort Myers 3 |
| BOTTOM OF THE 6TH |
|
Fort Myers Palms batting - Pitching for Lakeland Pilots : RHP Larry Buckle
|
|
Batting: LHB Gus Burgess
|
0-0: Foul Ball, location: 2F 0-1: Ground out U3 (Groundball, 3, EV 91.3 MPH)
|
|
Batting: LHB Ozzie Guillen
|
0-0: Called Strike 0-1: Ball 1-1: Foul Ball, location: 2F 1-2: SINGLE (Groundball, 6D, EV 96.3 MPH)
|
|
Batting: SHB Stan Javier
|
0-0: Ball Ozzie Guillen steals 2nd base 1-0: Ball 2-0: Called Strike 2-1: Ball 3-1: Base on Balls
|
|
Batting: LHB Tony Ramirez
|
0-0: Ball 1-0: Foul Ball, location: 2F 1-1: Fly out, F5 (Flyball, 5D, EV 85.6 MPH)
|
|
Batting: LHB Jessie Reid
|
0-0: DOUBLE (Line Drive, 7LM, EV 111.3 MPH) Ozzie Guillen scores Stan Javier to third Runner from 3rd tries for Home, SAFE, no throw by LF
|
|
Pitching: RHP Kevin Balogh
|
|
|
Batting: SHB Curt Wilkerson
|
0-0: Ball 1-0: Ball 2-0: Foul Ball, location: 2F 2-1: Fly out, F7 (Flyball, 7S, EV 90.6 MPH)
|
| Bottom of the 6th over - 2 runs, 2 hits, 0 errors, 1 left on base; Lakeland 1 - Fort Myers 5 |
| TOP OF THE 7TH |
|
Lakeland Pilots batting - Pitching for Fort Myers Palms : RHP Scott Roberts
|
|
Batting: SHB Rafael Villaman
|
0-0: Fly out, F8 (Flyball, 78M, EV 91.9 MPH)
|
|
Batting: RHB Jim McArdle
|
0-0: Ball 1-0: Called Strike 1-1: Ball 2-1: Swinging Strike 2-2: Fly out, F9 (Flyball, 89XD, EV 91.9 MPH)
|
|
Batting: RHB Michael Kopsky
|
0-0: Called Strike 0-1: Swinging Strike 0-2: Strikes out swinging
|
| Top of the 7th over - 0 runs, 0 hits, 0 errors, 0 left on base; Lakeland 1 - Fort Myers 5 |
| BOTTOM OF THE 7TH |
|
Fort Myers Palms batting - Pitching for Lakeland Pilots : RHP Kevin Balogh
|
|
Batting: RHB Gary Holden
|
0-0: Called Strike 0-1: Foul Ball, location: 2F 0-2: Ball 1-2: Ball 2-2: Ball 3-2: DOUBLE (Line Drive, 89D, EV 111.9 MPH)
|
|
Batting: LHB Robert Williamson
|
0-0: Ball 1-0: Ball 2-0: Ball 3-0: Base on Balls
|
|
Batting: RHB Craig Hendrickson
|
0-0: Bunt missed! 0-1: Bunted foul 0-2: Ball 1-2: Ball 2-2: Strikes out swinging
|
|
Batting: LHB Gus Burgess
|
0-0: Ball 1-0: Called Strike 1-1: Ball 2-1: Foul Ball, location: 2F 2-2: Strikes out swinging
|
|
Batting: LHB Ozzie Guillen
|
0-0: Ball 1-0: Called Strike 1-1: Fly out, F6 (Line Drive, 6, EV 70.6 MPH)
|
| Bottom of the 7th over - 0 runs, 1 hit, 0 errors, 2 left on base; Lakeland 1 - Fort Myers 5 |
| TOP OF THE 8TH |
|
Lakeland Pilots batting - Pitching for Fort Myers Palms : RHP Scott Roberts
|
|
Batting: RHB John Raeside
|
0-0: Ground out 6-3 (Groundball, 6, EV 99.4 MPH)
|
|
Batting: RHB Eric Clark
|
0-0: Called Strike 0-1: Ground out 5-3 (Groundball, 56S, EV 82.5 MPH)
|
|
Batting: LHB Timothy Collins
|
0-0: Ball 1-0: Called Strike 1-1: Foul Ball, location: 2F 1-2: Ball 2-2: Strikes out swinging
|
| Top of the 8th over - 0 runs, 0 hits, 0 errors, 0 left on base; Lakeland 1 - Fort Myers 5 |
| BOTTOM OF THE 8TH |
|
Fort Myers Palms batting - Pitching for Lakeland Pilots : RHP Kevin Balogh
|
|
Batting: SHB Stan Javier
|
0-0: Ball 1-0: Ball 2-0: Foul Ball, location: 2F 2-1: SINGLE (Flyball, 78S, EV 88.1 MPH)
|
|
Batting: LHB Tony Ramirez
|
0-0: Called Strike 0-1: Fielders Choice at 2nd, 4-6 (Groundball, 4, EV 92.5 MPH)
|
|
Batting: LHB Jessie Reid
|
0-0: Called Strike 0-1: Swinging Strike 0-2: Ball 1-2: Ball Tony Ramirez steals 2nd base 2-2: Fly out, F7 (Flyball, 7LM, EV 93.1 MPH)
|
|
Batting: SHB Curt Wilkerson
|
0-0: Ball 1-0: Ball 2-0: Called Strike 2-1: Ground out 5-3 (Groundball, 56, EV 104.4 MPH)
|
| Bottom of the 8th over - 0 runs, 1 hit, 0 errors, 1 left on base; Lakeland 1 - Fort Myers 5 |
| TOP OF THE 9TH |
|
Lakeland Pilots batting - Pitching for Fort Myers Palms : RHP Scott Roberts
|
|
Pitching: LHP Kelly Becker
|
|
|
Batting: SHB John Moses
|
0-0: Called Strike 0-1: Fly out, F9 (Flyball, 9, EV 90.0 MPH)
|
|
Batting: RHB Jerry Lomastro
|
0-0: Fly out, F4 (Popup, 4D, EV 46.3 MPH)
|
|
Batting: RHB Dennis Delany
|
0-0: Ball 1-0: Ball 2-0: Called Strike 2-1: Ball 3-1: Ground out 5-3 (Groundball, 5L, EV 91.3 MPH)
|
| Top of the 9th over - 0 runs, 0 hits, 0 errors, 0 left on base; Lakeland 1 - Fort Myers 5 |
|